Cogmind - Beta 14 @@@ ROGUE MODE // 2024.10.03 @ 22:50:19 Player: MarKhan Result: Destroyed by G-34 Mercenary with Small Laser Performance ------------- Evolutions (0) 0 Regions Visited (1) 200 Robots Destroyed (24) 120 Value Destroyed (580) 580 Prototype IDs (0) 0 Alien Tech Used (0) 0 Bonus (0) 0 TOTAL SCORE: 900 Bonus ------- None Cogmind --------- Core Integrity 0/250 Matter 272/300 Energy 240/250 System Corruption 0% Temperature Hot (292) Movement Core (250) Ox4 Location -10/Materials Parts ------- > --- POWER (1) -------- Ion Engine > --- PROPULSION (2) --- (None) > --- UTILITY (2) ------ Small Storage Unit > --- WEAPON (2) ------- Medium Laser Light Assault Rifle > --- INVENTORY (8) ---- Ion Engine Wheel Structural Scanner Improved Terrain Scanner Light Assault Rifle Peak State ------------ > --- POWER ------------ Ion Engine > --- PROPULSION ------- Compact Wheel Compact Wheel > --- UTILITY ---------- Small Storage Unit Improved Terrain Scanner > --- WEAPON ----------- EM Pulse Gun EM Pulse Gun > --- INVENTORY -------- Ion Engine Light Treads Light Treads Light Assault Rifle [Rating: 9] Favorites ----------- Power Ion Engine Engine Ion Engine Propulsion Compact Wheel Treads Light Treads Wheel Compact Wheel Utility Small Storage Unit Device Improved Terrain Scanner Storage Small Storage Unit Weapon EM Pulse Gun Energy Gun EM Pulse Gun Ballistic Gun Light Assault Rifle Build | -11 -10 ------- Run | Yrd Mat Slots Evolved . | . . Power . | . . Propulsion . | . . Utility . | . . Weapon . | . . Parts Attached 36 | 7 29 Power 3 | 1 2 Engine 3 | 1 2 Core . | . . Reactor . | . . Propulsion 22 | 2 20 Treads 10 | . 10 Leg . | . . Wheel 12 | 2 10 Hover . | . . Flight . | . . Utility 5 | 2 3 Device 4 | 1 3 Storage 1 | 1 . Processor . | . . Hackware . | . . Protection . | . . Artifact . | . . Weapon 6 | 2 4 Energy Gun 4 | 2 2 Energy Cannon . | . . Ballistic Gun 2 | . 2 Ballistic Cannon . | . . Launcher . | . . Special Weapon . | . . Impact Weapon . | . . Slashing Weapon . | . . Piercing Weapon . | . . Special Melee Weapon . | . . Unidentified Prototypes . | . . Parts Lost 8 | . 8 Power 1 | . 1 Propulsion 4 | . 4 Utility 1 | . 1 Weapon 2 | . 2 Highest Loss Streak 6 | . 6 To Critical Strikes . | . . Average Slot Usage (%) 98 | . 98 Engine 14 | . 14 Treads 12 | . 12 Wheel 15 | . 15 Device 13 | . 13 Storage 14 | . 14 Energy Gun 19 | . 19 Ballistic Gun 8 | . 8 Peak Build Rating 9 | 9 9 Average Rating 8 | 5 8 On Entrance 4 | . 9 Naked Turns . | . . Heaviest Build 15 | 15 15 Greatest Support 40 | 32 40 Greatest Overweight (x) . | . . Average Overweight (x) . | . . Largest Inventory Capacity 8 | 8 8 Average Capacity 7 | 7 8 Most Carried 8 | 5 8 Average Carried 6 | 2 7 Final Capacity 8 | 8 8 Final Carried 5 | 4 5 Class Distribution -------------------- 100% | Mutant Dominant Class ---------------- Mutant | -10/Materials Resources | -11 -10 ----------- Run | Yrd Mat Matter Collected 519 | 252 267 Remotely . | . . Salvage Created 822 | 17 805 Parts 51 | 3 48 Haulers Intercepted 1 | . 1 Recyclers Shooed . | . . Parts Field Recycled . | . . Retrieved Matter . | . . Parts Self-Destructed . | . . Prevented . | . . Kills | -11 -10 ------- Run | Yrd Mat Combat Hostiles Destroyed 16 | . 16 Guns 14 | . 14 AOE 1 | . 1 Classes Destroyed 8 | 1 7 Worker 2 | . 2 Builder 1 | . 1 Tunneler 2 | 1 1 Hauler 1 | . 1 Operator 1 | . 1 Watcher 1 | . 1 Swarmer 3 | . 3 Grunt 13 | . 13 Best Kill Streak 4 | 1 4 Combat Bots Only 3 | . 3 Max Kills in Single Turn 2 | 1 2 Gunslinging . | . . Exploded 1 | . 1 Melee . | . . Uniques/NPCs Destroyed . | . . Combat | -11 -10 -------- Run | Yrd Mat Hostile Shots Fired 115 | . 115 Missed 32 | . 32 Damage Taken 1065 | . 1065 Core 251 | . 251 Absorbed by Shields . | . . Regen/Repaired (Parts) 43 | . 43 Core Remaining (%) 100 | 100 . Volleys Fired 73 | 1 72 Largest 2 | 2 2 Hottest 90 | 80 90 Shots Fired 141 | 2 139 Gun 141 | 2 139 Cannon . | . . Launcher . | . . Special . | . . Kinetic 12 | . 12 Thermal 45 | . 45 Explosive . | . . Electromagnetic 84 | 2 82 Robot Hit Streak 10 | 1 10 Robot Miss Streak 7 | . 7 Penetration Max . | . . Secondary Targets 2 | . 2 Max Gunslinging Chain 1 | . 1 Shots Hit Robots 84 | 1 83 Core Hits 39 | 1 38 Critical Kills . | . . Critical Parts Destroyed . | . . Critical Strikes 9 | . 9 Burn 7 | . 7 Corrupt 2 | . 2 Melee Attacks . | . . Impact . | . . Slashing . | . . Piercing . | . . Sneak Attacks . | . . Combat Hostiles . | . . Follow-up Attacks . | . . Damage Inflicted 1361 | 13 1348 Guns 1181 | 13 1168 Cannons . | . . Explosions 180 | . 180 Melee . | . . Ramming . | . . Kinetic 79 | . 79 Thermal 434 | . 434 Explosive . | . . Electromagnetic 848 | 13 835 Impact . | . . Slashing . | . . Piercing . | . . Highest Corruption . | . . Average Corruption . | . . Corruption Purged . | . . Corruption Blocked . | . . Overload Shots . | . . Overflow Damage . | . . Projectiles . | . . Explosions . | . . Melee . | . . Knockbacks . | . . Impact . | . . Kinetic . | . . Secondary . | . . Self-Inflicted Damage 95 | . 95 Shots 3 | . 3 Rammed . | . . Targets Rammed . | . . Kicked . | . . Crushed . | . . Highest Temperature 277 | 18 277 Average Temperature 62 | 12 63 Received Heat Transfer 528 | . 528 Effects 1 | . 1 Interference 1 | . 1 Siege Activations . | . . Robots Corrupted 1 | . 1 Combat Hostiles 1 | . 1 Parts Fried 6 | . 6 Impact Corruptions . | . . Robots Melted . | . . Combat Hostiles . | . . Parts Melted 4 | . 4 Heat Transferred 1606 | . 1606 Parts Sabotaged . | . . Parts Stolen . | . . Parts Stripped . | . . Power Chain Reactions 4 | . 4 Alert | -11 -10 ------- Run | Yrd Mat Peak Influence 244 | 5 244 Initial 3 | . 3 Average 115 | . 124 Maximum Alert Level 1 | . 1 Low Security (%) 75 | 100 73 Level 1 24 | . 26 Level 2 . | . . Level 3 . | . . Level 4 . | . . Level 5 . | . . High Security . | . . Max Security . | . . Squads Dispatched 8 | . 8 Investigation 6 | . 6 Extermination . | . . Reinforcement 2 | . 2 Assault . | . . Garrison . | . . Intercept . | . . Searches Triggered . | . . Construction Impeded . | . . Haulers Reinforced . | . . Active Scanning Responses . | . . Cargo Convoy Interrupts . | . . Stealth | -11 -10 --------- Run | Yrd Mat Distress Signals 1 | . 1 Communications Jammed . | . . Distress Signals . | . . Times Spotted 21 | . 21 Peak Tracking Total 4 | . 4 Tactical Retreats 1 | . 1 Traps | -11 -10 ------- Run | Yrd Mat Traps Triggered 2 | . 2 Indirectly . | . . Trap Hack Attempts . | . . Triggered . | . . Disarmed . | . . Reprogrammed . | . . Reused . | . . Traps Extracted . | . . Installed . | . . Triggered . | . . Machines | -11 -10 ---------- Run | Yrd Mat Machines Disabled 4 | . 4 Max in Single Turn 2 | . 2 Machines Repaired . | . . Machines Dismantled . | . . Machines Sabotaged . | . . Overloaded Fab Kills . | . . Hacking | -11 -10 --------- Run | Yrd Mat Machines Accessed 5 | . 5 Terminals 3 | . 3 Fabricators . | . . Repair Stations 1 | . 1 Recycling Units 1 | . 1 Scanalyzers . | . . Garrison Access . | . . Total Hacks 23 | . 23 Successful 12 | . 12 Failed 11 | . 11 Catastrophic 1 | . 1 Database Lockouts . | . . Manual 13 | . 13 Terminals 15 | . 15 Fabricators . | . . Repair Stations 4 | . 4 Recycling Units 4 | . 4 Scanalyzers . | . . Garrison Access . | . . Terminal Hacks 4 | . 4 Terminal Index 1 | . 1 Recall Investigation 1 | . 1 Zone Layout 2 | . 2 Fabricator Hacks . | . . Repair Station Hacks 2 | . 2 Scan Component 1 | . 1 Repair 1 | . 1 Recycling Unit Hacks 1 | . 1 Report Inventory 1 | . 1 Scanalyzer . | . . Garrison Access Hacks . | . . Unauthorized Hacks 4 | . 4 Terminals 1 | . 1 Botnet 1 | . 1 Fabricators . | . . Repair Stations 1 | . 1 Mechanics 1 | . 1 Recycling Units 2 | . 2 Recyclers 1 | . 1 Tunnel 1 | . 1 Scanalyzers . | . . Garrison Access . | . . Data Cores Recovered 1 | . 1 Used . | . . Hacking Detections 5 | . 5 Full Trace Events 3 | . 3 Feedback Events . | . . Feedback Blocked . | . . Robot Schematics Acquired . | . . Robots Built . | . . Authchips . | . . Time . | . . Total Robot Build Rating . | . . Part Schematics Acquired . | . . Parts Built . | . . Authchips . | . . Time . | . . Total Part Build Rating . | . . Parts Repaired 1 | . 1 Time 26 | . 26 Parts Recycled . | . . Recycled Matter . | . . Retrieved Matter . | . . Retrieved Components . | . . Parts Scanalyzed . | . . Part Schematics Acquired . | . . Parts Damaged . | . . Bothacking | -11 -10 ------------ Run | Yrd Mat Used RIF Installer . | . . Robots Hacked . | . . Non-combat . | . . Combat . | . . Robot Hacks Applied . | . . Relay Couplers Released . | . . Fabnet Peak Effective % . | . . Robots Rewired . | . . Allies Hacked . | . . Hacks Repelled . | . . Allies | -11 -10 -------- Run | Yrd Mat Total Allies . | . . Largest Group . | . . Highest-Rated Group . | . . Highest-Rated Ally . | . . Total Orders . | . . Ally Attacks . | . . Total Damage . | . . Kills . | . . Allies Corrupted . | . . Allies Melted . | . . Intel | -11 -10 ------- Run | Yrd Mat Robot Analysis Total . | . . Derelict Logs Recovered . | . . Drone Launches . | . . Drone Recoveries . | . . Exploration | -11 -10 ------------- Run | Yrd Mat Turns Passed 1002 | 71 931 Spaces Moved 467 | 55 412 Core 2 | 2 . Treads 64 | . 64 Legs . | . . Wheels 401 | 53 348 Hover . | . . Flight . | . . Fastest Speed 50 | 50 90 Average Speed 107 | 98 108 Slowest Speed 160 | 100 160 Overloaded Moves . | . . Propulsion Burnouts . | . . Robots Hopped . | . . Cave-ins Triggered . | . . Exploration Rate (%) 25 | 4 46 Regions Visited 1 Branch Regions . Pre-discovered Areas 1 | . 1 Known Exits Taken . | . . Unknown Exits Taken 1 | 1 . Scrap Searched . | . . Spaces Dug . | . . Terrain Destroyed 11 | . 11 Melee . | . . Projectile . | . . AOE 11 | . 11 Terrain Rammed . | . . Walls Destroyed . | . . Machines Disabled . | . . Actions | -11 -10 --------- Run | Yrd Mat Total 819 | 67 752 Wait 225 | . 225 Move 466 | 54 412 Hop . | . . Pick Up 14 | 5 9 Fast Attach 7 | 6 1 Attach 6 | 1 5 Detach . | . . Swap 23 | . 23 Drop 5 | . 5 Fire 73 | 1 72 Melee . | . . Ram . | . . Kick . | . . Crush . | . . Escape Stasis . | . . Rewire . | . . Trap . | . . Miscellaneous . | . . Route ------- -11/Scrapyard -10/Materials (discovered 2 exits: [*Mat] / [*Min]) History --------- Turn | Location | Event 41 | -11/Scrapyard | Discovered new exit (range 13) 72 | -11/Scrapyard | Entered Materials 334 | -10/Materials | Build established: Mutant 698 | -10/Materials | Repaired EM Pulse Gun 865 | -10/Materials | Discovered new exit (range 10) 926 | -10/Materials | Discovered new exit (range 14) 982 | -10/Materials | Core integrity fell below 50% 1000 | -10/Materials | Core integrity fell below 20% 1003 | -10/Materials | Destroyed by G-34 Mercenary with Small Laser Last Messages --------------- reinforcements to Terminal M007. 00972_ EM Pulse Gun destroyed. 00977_ G-34 Mercenary suffers critical hit (Burn). 00979_ Heat Sink destroyed. 00981_ T-07 Excavator destroyed. 00982_ Lgt. Treads destroyed. 00987_ G-34 Mercenary suffers critical hit (Burn). 00988_ G-34 Mercenary overheating. 00989_ G-34 Mercenary destroyed. 00989_ Switching to secondary target: G-34 Mercenary. 00989_ Com. Wheel destroyed. 00992_ G-34 Mercenary destroyed. 00995_ G-34 Mercenary suffers critical hit (Burn). 00999_ Lgt. Treads destroyed. 01000_ Overheating: System interference. 01000_ Lgt. Assault Rifle temporarily disabled. Map ----- +----------------------------------------------------+ | ?## # """ """ #?####[= ##??????????????????????? | | ??# # ###"""%* #??????????????????????? | | ??# # #?#" != #??????????????????????? | | ?## # #?#"| #??????????????????????? | | ### ###########?#"" < #??????????????????????? | | #????#??????#"! #??????????????????????? | | #?#??#???#?##" #??????????????????????? | | ##??????#???#""" #??????????????????????? | | ########????########## ##??????????????????????? | | #??????##???# # * #???????????????????????? | | ##########?#? "T" += +???????????????????????? | | ##?##??# #%!*#???????????????????????? | | "" #??????# ??#=%|#???????????????????????? | | "" #????#?# ????#|###???????????????????????? | | "" ###????# ??????#=#?????????????????????????? | | #??????#???"????# #?????????????????????????? | | "" #???????????????# #?????????????????????????? | | "" ##??????????????# #?????????????????????????? | | "" #???????????????# #?????????????????????????? | | #????#??????????# #?????????????????????????? | | ######???????????????# #?????????????????????????? | | #??????#??????????# #?????????????????????????? | | "" ##??????#???????### ##############; ?????????? | | Y" #???????????????# *%= =%= ????????? | | "" ##????#?????????# [!*[ *! g ????????? | | #???????????????# %[%=@ =g ????????? | | #???????????????# %##############????????????? | | ####???????????????# #?????????????????????????? | | ??????#????????????# < #?????????????????????????? | | ???????????????????# #?????????????????????????? | | ???????????????????#####?????????????????????????? | | ?????????????????????????????????????????????????? | | ?#???????????????????????????????????????????????? | | ??#??????????????????????????????????????????????? | | ????#????????????????????????????????????????????? | | ????????#????????????????????????????????????????? | | ?????????????????????????????????????????????????? | | ?????????????????????????????????????????????????? | | ?????????????????????????????????????????????????? | | ?????????????????????????????????????????????????? | | ?????????????????????????????????????????????????? | | ?????????????????????????????????????????????????? | | | | | | | | | | | | | | | | | +----------------------------------------------------+ Best States ------------- Heat Dissipation 35 Energy Generation 10 Energy Capacity 250 Matter Stores 300 Matter Capacity 300 Sight Range 16 Terrain Scan Range 16 Terrain Scan Density 10 Evasion (%) 42 Recoil Reduction 2 Item Schematics ----------------- None Robot Schematics ------------------ None Fabricated ------------ Nothing Alien Tech Used ----------------- None Achievements -------------- None Challenges ------------ None Game ------ Seed SeismicDimensionalClaw Manual? 0 Play Time 00:18:05 Cumulative 56.5 hours Start 2024.10.03 @ 22:34:45 End 2024.10.03 @ 22:50:19 Sessions 1 Manual Loads 0 Difficulty Rogue Special Mode None Game No. 54 Rogue 54 Adventurer 0 Explorer 0 Win Type - Total 2 Types 2/0/0/0/0/0/0/0/0 Lore% 36 Gallery% 39 Achievement% 38 Wizard Run 0 Options --------- Layout 1 ASCII 0 Keyboard 1 Movement Arrows Keybinds 0 Fullscreen 1 Font 24/Smallcaps Map View 50x35 Zoom Use 0% Tactical HUD 1 Map Filters NONE Filters NONE Steam 1 RUN: 64225c21-5d16-4108-9f96-85bfb2b3dfbb